 Dungeon Crawl Stone Soup version 0.19.5 (webtiles) character file.

176055 JeffiDaFish the Peltast (level 17, -3/113 HPs)
             Began as a Gargoyle Fighter on Mar 11, 2017.
             Was the Champion of Okawaru.
             Blown up by an orb spider (40 damage)
             ... with an orb of destruction
             ... on level 1 of the Spider Nest.
             The game lasted 01:17:58 (25586 turns).

JeffiDaFish the Peltast (Gargoyle Fighter)         Turns: 25586, Time: 01:17:58

Health: -3/113     AC: 44    Str: 43    XL:     17   Next: 82%
Magic:  22/22      EV: 11    Int:  6    God:    Okawaru [******]
Gold:   1037       SH: 24    Dex: 16    Spells: 1 memorised, 18 levels left

rFire  . . .     SeeInvis +     A - +8 whip "Snakebite" {curare, rPois}
rCold  + . .     Gourm    .     p - +7 plate armour of Good Intentions {SInv Stlth+}
rNeg   + + .     Faith    .     H - +1 shield {rN+}
rPois  ∞         Spirit   .     a - +1 hat
rElec  +         Reflect  +     F - +2 cloak {MR+}
rCorr  .         Harm     .     r - +1 pair of gloves
MR     +++..                    x - +0 pair of boots "Fasaol" {+Inv MR+ Str+8 Int-4}
Stlth  ..........               C - +5 amulet of reflection
                                D - +6 ring of strength
                                K - ring of Kiokkamn {rC+ Str+6}

@: flying
A: big wings, horns 1, thin skeletal structure 1, negative energy resistance 1,
sense surroundings 1, screaming 1, electricity resistance, strong 1,
unbreathing, petrification resistance, rot immunity, AC +12
a: Stop Flying, Heroism, Finesse, Renounce Religion, Evoke Invisibility
}: 1/15 runes: decaying


You were on level 1 of the Spider Nest.
You worshipped Okawaru.
Okawaru was exalted by your worship.
You were hungry.

You visited 5 branches of the dungeon, and saw 27 of its levels.
You also visited: Labyrinth and Ice Cave.

You collected 1972 gold pieces.
You spent 935 gold pieces at shops.

Inventory:

Hand Weapons
 t - a +6 eveningstar of holy wrath
 A - the +8 whip "Snakebite" (weapon) {curare, rPois}
   (You found it on level 2 of the Lair of Beasts)

   It poisons the flesh of those it strikes.
   It protects you from poison.
Missiles
 w - 87 bolts (quivered)
Armour
 a - a +1 hat (worn)
 p - the +7 plate armour of Good Intentions (worn) {SInv Stlth+}
   (Okawaru gifted it to you on level 6 of the Lair of Beasts)

   It lets you see invisible.
   It makes you more stealthy.
 r - a +1 pair of gloves (worn)
 x - the +0 pair of boots "Fasaol" (worn) {+Inv MR+ Str+8 Int-4}
   (Okawaru gifted it to you on level 2 of the Swamp)

   It affects your strength (+8).
   It affects your intelligence (-4).
   It affects your resistance to hostile enchantments.
   It lets you turn invisible.
 F - a +2 cloak of magic resistance (worn)
 H - a +1 shield of positive energy (worn)
Jewellery
 C - a +5 amulet of reflection (around neck)
 D - a +6 ring of strength (right hand)
 K - the ring of Kiokkamn (left hand) {rC+ Str+6}
   (You found it in an ice cave)

   [ring of protection from cold]

   It affects your strength (+6).
   It protects you from cold.
Wands
 i - a wand of teleportation (9/9)
 L - a wand of digging (18/24)
Scrolls
 c - a scroll of enchant armour
 g - 11 scrolls of remove curse
 q - 6 scrolls of teleportation
 u - a scroll of magic mapping
 v - 2 scrolls of fear
 y - 7 scrolls of recharging
 B - 2 scrolls of fog
 G - 4 scrolls of identify
 M - a scroll of holy word
 O - a scroll of brand weapon
Potions
 b - 2 potions of agility
 d - a potion of heal wounds
 e - a potion of brilliance
 j - 12 potions of curing
 l - a potion of ambrosia
 s - 2 potions of cancellation
 E - a potion of might
 I - 3 potions of invisibility
Books
 z - the Papyrus of Sinister Glamour
   (You found it in an ice cave)

   Spells                             Type                      Level
   a - Corona                         Hexes                        1
   b - Corpse Rot                     Necromancy                   2
   c - Sublimation of Blood           Necromancy                   2
   d - Control Undead                 Necromancy                   4
   e - Bolt of Draining               Conjuration/Necromancy       5
   f - Invisibility                   Hexes                        6
 J - a book of Ice

   Spells                             Type                      Level
   a - Ice Form                       Ice/Transmutation            4
   b - Metabolic Englaciation         Hexes/Ice                    5
   c - Ozocubu's Refrigeration        Ice                          6
   d - Bolt of Cold                   Conjuration/Ice              6
   e - Freezing Cloud                 Conjuration/Ice/Air          6
   f - Simulacrum                     Ice/Necromancy               6
 N - a book of Cantrips

   Spells                             Type                      Level
   a - Confusing Touch                Hexes                        1
   b - Animate Skeleton               Necromancy                   1
   c - Summon Small Mammal            Summoning                    1
   d - Apportation                    Translocation                1
Comestibles
 f - 12 bread rations
 h - 7 slices of pizza
 k - 13 meat rations
 m - 23 fruits
 n - 3 beef jerkies
 o - 20 royal jellies


   Skills:
 * Level 15.0 Fighting
 * Level 16.6 Maces & Flails
 * Level 12.9 Armour
 - Level 3.3 Dodging
 - Level 2.5 Stealth
 * Level 18.4 Shields
 + Level 3.6 Spellcasting
 + Level 5.1 Conjurations
 + Level 3.9 Necromancy
 - Level 0.2 Invocations


You had 18 spell levels left.
You knew the following spells:

 Your Spells              Type           Power        Failure   Level  Hunger
a - Bolt of Draining      Conj/Necr      #.........   100%        5    ######.


Dungeon Overview and Level Annotations

Branches:
Dungeon (15/15)            Temple (1/1) D:5            Lair (6/6) D:9
  Swamp (4/4) Lair:3       Spider (1/4) Lair:4        Slime (0/5) Lair:6
    Orc (0/2) D:10         Vaults (0/5) D:14         Depths (0/5) D:15

Altars:
Ashenzari
Cheibriados
Dithmenos
Elyvilon
Fedhas
Gozag
Hepliaklqana
Kikubaaqudgha
Makhleb
Nemelex Xobeh
Okawaru
Qazlal
Sif Muna
Trog
Vehumet
Xom
Yredelemnul
Zin
The Shining One
Jiyva

Shops:
D:4 [   D:5 [   D:6 =[=   D:9 ?(?:   D:11 ?   D:12 [   D:13 [


Innate Abilities, Weirdness & Mutations

You are resistant to torment.
Your stone body is resilient. (AC +12)
You are immune to poison.
Your large and strong wings let you fly indefinitely.
You resist negative energy. (rN+)
You are resistant to electric shocks. (rElec)
You can survive without breathing.
You are immune to petrification.
You are immune to rotting.
You have a pair of small horns on your head.
You have a somewhat thin skeletal structure. (Dex +2, Stealth)
You passively map a small area around you.
You occasionally shout uncontrollably at your foes.
Your muscles are strong. (Str +2)


Message History

The jumping spider looks as sick as possible!
The jumping spider convulses.
The jumping spider seems to slow down.
The jumping spider is moderately wounded.
You kill the jumping spider!
Okawaru accepts your kill.
You hit the jumping spider but do no damage.
The jumping spider looks as sick as possible! x2
The jumping spider convulses.
The jumping spider seems to be slow for longer.
You headbutt the jumping spider.
The jumping spider is almost dead.
You block the jumping spider's attack.
The jumping spider bites you but does no damage.
The orb spider weaves a glowing orb of energy.
An orb of destruction comes into view.
You whack the jumping spider!
You kill the jumping spider!
Okawaru accepts your kill. The orb of destruction hits you!
You die...

, ,..................≈≈
..#...............^..≈≈≈
,
.....................?.#
,,
........................
,
...............†..".#...
......s.................
...)[..§..†.......§....#
, ,
.....s.§..†)...........#
....%..@.†..............
,
..........†.............
,
....s.....†........†....
............†.....<.....
..........).......†..#≈≈
, , ,
......†^..........††..#≈
......................#*
......................#
............(....#≈≈#


You could see 2 orb spiders and a jumping spider.

Vanquished Creatures
  the Lernaean hydra (Swamp:4)
  A tentacled monstrosity (Swamp:2)
  Rupert (Lair:3)
  Frances (D:13)
  3 thorn hunters
  Donald (Swamp:1)
  A frost giant (IceCv)
  Nessos (Lair:4)
  A fire dragon (Lair:6)
  Josephine (D:13)
  A minotaur (Lab)
  Fannar (Lair:3)
  24 hydras
  4 centaur warriors
  6 alligators
  Erica (D:7)
  The ghost of antares the Cleaver, a novice HOFi of Okawaru (D:9)
  A death knight (D:15)
  11 death yaks
  2 tengu warriors (D:15)
  5 spriggans
  Urug (D:14)
  3 skeletal warriors (D:15)
  An unseen horror (D:15)
  3 wizards
  A flayed ghost (D:15)
  9 swamp dragons
  A deep troll (D:15)
  2 shambling mangroves (Swamp:2)
  An orange crystal statue (D:12)
  A lindwurm (Lair:5)
  9 hill giants
  2 orb spiders (Spider:1)
  An iron dragon zombie (D:15)
  3 necromancers
  19 ugly things
  A stone giant zombie (D:15)
  2 wolf spiders (Spider:1)
  2 cyclopes
  A fire giant zombie (D:15)
  A deep elf mage (D:14)
  An ice statue (IceCv)
  5 black mambas
  12 elephants (Lair:6)
  Maurice (D:10)
  A centaur zombie (D:10)
  A gargoyle (D:13)
  14 spiny frogs
  12 komodo dragons
  A kobold demonologist (D:13)
  6 rime drakes
  A demonic crawler (Spider:1)
  A yaktaur (D:14)
  9 jumping spiders
  9 tyrant leeches
  A queen bee (D:8)
  12 hornets
  25 polar bears
  4 trolls
  2 raiju (Lair:6)
  Grinder (D:6)
  Prince Ribbit (Lair:1)
  A two-headed ogre (D:13)
  22 blink frogs
  7 hippogriffs
  9 bog bodies
  An ice dragon zombie (D:15)
  23 redbacks
  Sigmund (D:6)
  7 wraiths
  3 shadows
  3 wyverns
  43 yaks
  2 tarantellas (Spider:1)
  6 hungry ghosts
  3 steam dragons
  3 basilisks
  16 swamp worms
  13 vampire mosquitoes
  30 insubstantial wisps
  5 wargs (Lair:6)
  3 mottled dragons
  8 hell hounds (Lair:6)
  12 porcupines
  A soldier ant (D:13)
  19 water moccasins
  6 orc warriors
  18 swamp drakes
  2 ice beasts
  2 phantoms
  5 sky beasts
  39 wolves
  14 black bears
  2 eyes of draining
  4 ogres
  7 centaurs
  13 crocodiles
  2 big kobolds
  6 bullfrogs
  2 wyvern zombies
  4 scorpions
  18 killer bees
  21 wights
  5 electric eels
  3 howler monkeys (D:13)
  9 crimson imps
  A bullfrog zombie (D:7)
  21 hounds
  2 quasits
  9 centaur skeletons
  13 orc wizards
  7 orc priests
  8 jellies
  4 bullfrog skeletons
  5 iguanas
  15 worker ants
  An ogre skeleton (Lab)
  2 hound skeletons (D:8)
  4 worker ant zombies
  Robin (D:2)
  17 adders
  3 gnolls (D:4)
  3 shadow imps
  12 white imps (D:14)
  An ooze (D:4)
  An adder zombie (D:7)
  An adder skeleton (D:4)
  5 dart slugs
  6 leopard geckos
  65 orcs
  2 giant cockroaches
  15 goblins
  10 hobgoblins
  6 jackals
  4 quokkas
  4 bats
  7 frilled lizards
  A jackal zombie (D:5)
  18 kobolds
  A quokka skeleton (D:5)
  A quokka zombie (D:7)
  6 rats
  3 briar patches
  A fungus (Lair:6)
  A plant (Lair:6)
963 creatures vanquished.

Vanquished Creatures (collateral kills)
  A wolf (IceCv)
1 creature vanquished.

Vanquished Creatures (others)
  2 centaur warriors (D:15)
  A tyrant leech (Swamp:4)
  A polar bear (IceCv)
  A troll (D:9)
  A redback (Spider:1)
  A spriggan (Swamp:1)
  A wraith (D:13)
  An ogre (D:9)
  3 wolves (IceCv)
  A scorpion (D:9)
  2 orc wizards (D:9)
  A leopard gecko (D:9)
  An orc (D:8)
  A bat (D:2)
  A quokka (D:9)
  A fungus (Lair:6)
  11 plants
31 creatures vanquished.

Grand Total: 995 creatures vanquished

Notes
Turn   | Place    | Note
-------+----------+-------------------------------------------
     0 | D:1      | JeffiDaFish the Gargoyle Fighter began the quest for the Orb.
     0 | D:1      | Reached XP level 1. HP: 14/14 MP: 1/1
   137 | D:1      | Reached XP level 2. HP: 3/19 MP: 2/2
  1028 | D:2      | Reached XP level 3. HP: 16/23 MP: 3/3
  1154 | D:2      | Noticed Robin
  1175 | D:2      | Killed Robin
  1175 | D:2      | Reached XP level 4. HP: 12/29 MP: 4/4
  1512 | D:2      | Reached skill level 4 in Shields
  2066 | D:3      | Reached skill level 1 in Dodging
  2066 | D:3      | Reached XP level 5. HP: 33/33 MP: 5/5
  2864 | D:4      | Noticed a sky beast
  2898 | D:4      | Killed a sky beast
  2898 | D:4      | Reached skill level 1 in Stealth
  2898 | D:4      | Reached skill level 5 in Shields
  2898 | D:4      | Reached XP level 6. HP: 18/38 MP: 6/6
  3118 | D:4      | Found Bidikep's Antique Armour Emporium.
  3398 | D:4      | Bought a cloak for 94 gold pieces
  3702 | D:4      | Reached XP level 7. HP: 42/43 MP: 7/7
  3783 | D:5      | Entered Level 5 of the Dungeon
  4064 | D:5      | Found a staircase to the Ecumenical Temple.
  4075 | Temple   | Entered the Ecumenical Temple
  4251 | Temple   | Became a worshipper of Warmaster Okawaru
  4653 | D:5      | Reached skill level 5 in Maces & Flails
  4730 | D:5      | Reached skill level 6 in Shields
  4835 | D:5      | Found Etogrom's Armour Emporium.
  4838 | D:5      | Bought a +0 pair of gloves for 54 gold pieces
  4852 | D:5      | Reached * piety under Okawaru
  4997 | D:6      | Reached XP level 8. HP: 48/48 MP: 8/8
  5045 | D:6      | Noticed Sigmund
  5090 | D:6      | Killed Sigmund
  5090 | D:6      | Reached skill level 5 in Armour
  5150 | D:6      | Noticed Grinder
  5158 | D:6      | Paralysed by Grinder for 5 turns
  5164 | D:6      | Killed Grinder
  5164 | D:6      | Reached skill level 5 in Fighting
  5167 | D:6      | Gained mutation: You passively map a small area around you. [potion of beneficial mutation]
  5213 | D:6      | Found a snail-covered altar of Cheibriados.
  5400 | D:6      | Found Derobog's Jewellery Emporium.
  5564 | D:6      | Found Boug's Antique Armour Emporium.
  5677 | D:6      | Reached ** piety under Okawaru
  5717 | D:6      | Identified a scroll of acquirement
  5866 | D:6      | Found Plog's Jewellery Shop.
  6184 | D:7      | Reached XP level 9. HP: 54/54 MP: 9/9
  6203 | D:7      | Reached skill level 7 in Shields
  6679 | D:8      | Noticed Erica
  6708 | D:7      | Killed Erica
  6708 | D:7      | Reached *** piety under Okawaru
  6708 | D:7      | Reached skill level 8 in Shields
  6919 | D:8      | Reached XP level 10. HP: 57/60 MP: 10/10
  7057 | D:8      | Found a burning altar of Makhleb.
  7059 | D:8      | Found a glowing silver altar of Zin.
  7059 | D:8      | Noticed an angel
  7060 | D:8      | Noticed a balrug
  7195 | D:8      | Reached skill level 9 in Shields
  7239 | D:8      | Reached **** piety under Okawaru
  7457 | D:9      | Found Plog's Antique Weapon Emporium.
  7518 | D:9      | Found a shimmering altar of Xom.
  7546 | D:9      | Reached skill level 10 in Maces & Flails
  7830 | D:9      | Noticed antares's ghost (novice HOFi)
  7845 | D:9      | Killed antares's ghost
  7845 | D:9      | Reached ***** piety under Okawaru
  7859 | D:9      | Found Zysazut's Book Shop.
  7996 | D:9      | Found Ziofriwk's Magic Scroll Shop.
  8003 | D:9      | Bought a scroll of enchant armour for 97 gold pieces
  8105 | D:9      | Found a white marble altar of Elyvilon.
  8202 | D:9      | Found a staircase to the Lair.
  8226 | D:9      | Reached skill level 10 in Shields
  8226 | D:9      | Reached XP level 11. HP: 67/67 MP: 11/11
  8259 | D:9      | Found a shattered altar of Ashenzari.
  8278 | D:9      | Found Tuthat's Magic Scroll Emporium.
  8375 | Lair:1   | Entered Level 1 of the Lair of Beasts
  8399 | Lair:1   | Noticed a five-headed hydra
  8407 | Lair:1   | Killed a five-headed hydra
  8908 | Lair:1   | Received a gift from Okawaru
  8926 | Lair:1   | Identified the +4 war axe of Day {flame, +Inv rN+} (Okawaru gifted it to you on level 1 of the Lair of Beasts)
  9039 | Lair:1   | Noticed Prince Ribbit
  9778 | Lair:2   | Noticed a five-headed hydra
  9787 | Lair:2   | Killed a five-headed hydra
  9959 | Lair:2   | Gained mutation: Your large and strong wings let you fly indefinitely. [potion of beneficial mutation]
 10030 | Lair:2   | Reached ****** piety under Okawaru
 10060 | Lair:2   | Reached skill level 11 in Shields
 10262 | Lair:3   | Received a gift from Okawaru
 10305 | Lair:3   | Noticed Fannar
 10323 | Lair:3   | Killed Fannar
 10385 | Lair:3   | Found a staircase to the Swamp.
 10392 | Lair:3   | Reached XP level 12. HP: 75/75 MP: 12/12
 10929 | Lair:3   | Received a gift from Okawaru
 10961 | Lair:3   | Noticed Rupert
 10980 | Lair:3   | Killed Rupert
 10980 | Lair:3   | Reached skill level 12 in Shields
 11124 | Lair:3   | Reached skill level 10 in Fighting
 11272 | Lair:4   | Found a labyrinth entrance.
 11290 | Lab      | Entered a labyrinth
 11551 | Lab      | Noticed a minotaur
 11565 | Lab      | Killed a minotaur
 11571 | Lab      | Identified the +10 battleaxe of the Sky {chop, Dex+3} (You took it off a minotaur in a labyrinth)
 11738 | Lair:4   | Noticed Nessos
 11767 | Lair:4   | Reached XP level 13. HP: 67/83 MP: 13/13
 11773 | Lair:4   | Received a gift from Okawaru
 11786 | Lair:4   | Killed Nessos
 11985 | Lair:4   | Gained mutation: You occasionally shout uncontrollably at your foes. [potion of mutation]
 11985 | Lair:4   | Gained mutation: You have a pair of small horns on your head. [potion of mutation]
 11985 | Lair:4   | Gained mutation: Your muscles are strong. (Str +2) [potion of mutation]
 12220 | Lair:4   | Found a hole to the Spider Nest.
 12392 | Lair:4   | Reached skill level 13 in Shields
 13169 | Lair:5   | Received a gift from Okawaru
 13172 | Lair:5   | Identified the +0 chain mail of Siughom {rN+} (Okawaru gifted it to you on level 5 of the Lair of Beasts)
 13182 | Lair:5   | You are sucked into a shaft!
 13182 | Lair:6   | Entered Level 6 of the Lair of Beasts
 13278 | Lair:6   | Reached skill level 10 in Armour
 13493 | Lair:6   | Reached skill level 14 in Shields
 13634 | Lair:6   | Mutation became permanent: Your large and strong wings let you fly indefinitely. [Gargoyle growth]
 13634 | Lair:6   | Reached XP level 14. HP: 80/90 MP: 14/14
 13950 | Lair:6   | Found a staircase to the Slime Pits.
 13951 | Lair:6   | Found a viscous altar of Jiyva.
 14013 | Lair:6   | Reached skill level 15 in Shields
 14104 | Lair:6   | Received a gift from Okawaru
 14107 | Lair:6   | Got a brightly glowing plate armour {god gift}
 14118 | Lair:6   | Identified the +7 plate armour of Good Intentions {SInv Stlth+} (Okawaru gifted it to you on level 6 of the Lair of Beasts)
 14932 | Lair:1   | Killed Prince Ribbit
 15008 | D:10     | Entered Level 10 of the Dungeon
 15052 | D:10     | Noticed Maurice
 15065 | D:10     | Killed Maurice
 15521 | D:10     | Found a staircase to the Orcish Mines.
 15891 | D:11     | Found Syelow's Magic Scroll Shoppe.
 15998 | D:6      | Bought a +5 amulet of reflection for 325 gold pieces
 16727 | D:12     | Reached skill level 16 in Shields
 17084 | D:12     | Found Taorod's Armour Shop.
 17092 | D:12     | Bought a +2 cloak of magic resistance for 365 gold pieces
 17512 | D:13     | Reached XP level 15. HP: 97/97 MP: 15/15
 17580 | D:13     | Noticed Josephine
 17590 | D:13     | Noticed Frances
 17591 | D:13     | Killed Josephine
 17602 | D:13     | Killed Frances
 17602 | D:13     | Received a gift from Okawaru
 17610 | D:13     | Got a brightly glowing morningstar {god gift}
 17611 | D:13     | Identified the +4 morningstar of Ytzoim {protect, Stlth+} (Okawaru gifted it to you on level 13 of the Dungeon)
 18009 | D:13     | Found Onwuruh's Antique Armour Emporium.
 18305 | D:14     | Noticed Urug
 18334 | D:14     | Killed Urug
 18409 | D:14     | Reached skill level 15 in Maces & Flails
 18438 | D:14     | Found a gate to the Vaults.
 18544 | D:14     | Found a frozen archway.
 18599 | D:14     | Paralysed by a wizard for 6 turns
 18611 | D:14     | Received a gift from Okawaru
 18648 | IceCv    | Entered an ice cave
 19133 | IceCv    | Identified the Papyrus of Sinister Glamour
 19144 | IceCv    | Learned a level 5 spell: Bolt of Draining
 19320 | IceCv    | Reached skill level 17 in Shields
 19380 | IceCv    | Noticed a frost giant
 19400 | IceCv    | Killed a frost giant
 19696 | IceCv    | Got a twitching bone ring
 19701 | IceCv    | Identified the ring of Kiokkamn {rC+ Str+6} (You found it in an ice cave)
 20293 | D:15     | Entered Level 15 of the Dungeon
 20337 | D:15     | Reached XP level 16. HP: 76/104 MP: 16/16
 20367 | D:15     | Received a gift from Okawaru
 20369 | D:15     | Found a staircase to the Depths.
 20375 | D:15     | Reached skill level 1 in Conjurations
 20400 | D:15     | Reached skill level 1 in Necromancy
 20615 | D:15     | Reached skill level 1 in Spellcasting
 20687 | D:15     | Gained mutation: You have a somewhat thin skeletal structure. (Dex +2, Stealth) [potion of beneficial mutation]
 21473 | Swamp:1  | Entered Level 1 of the Swamp
 21478 | Swamp:1  | Noticed Donald
 21495 | Swamp:1  | Killed Donald
 21872 | Swamp:1  | Identified the +5 plate armour "Kolola" {+Blink rF+ MR+} (You found it on level 1 of the Swamp)
 22372 | Swamp:2  | Noticed a thorn hunter
 22384 | Swamp:2  | Killed a thorn hunter
 22715 | Swamp:2  | Received a gift from Okawaru
 22719 | Swamp:2  | Got a pair of spiked boots {god gift}
 22725 | Swamp:2  | Identified the +0 pair of boots "Fasaol" {+Inv MR+ Str+8 Int-4} (Okawaru gifted it to you on level 2 of the Swamp)
 22782 | Swamp:2  | Noticed a thorn hunter
 22791 | Swamp:2  | Killed a thorn hunter
 23011 | Swamp:2  | Found a runed door.
 23011 | Swamp:2  | Noticed a tentacled monstrosity
 23055 | Swamp:2  | Killed a tentacled monstrosity
 23431 | Swamp:3  | Reached XP level 17. HP: 112/112 MP: 20/20
 23664 | Swamp:3  | Reached skill level 18 in Shields
 24078 | Swamp:4  | Entered Level 4 of the Swamp
 24547 | Swamp:4  | Received a gift from Okawaru
 24573 | Swamp:4  | Noticed the 27-headed Lernaean hydra
 24585 | Swamp:4  | Killed the 27-headed Lernaean hydra
 25303 | Swamp:4  | Got a decaying rune of Zot
 25460 | Spider:1 | Entered Level 1 of the Spider Nest
 25518 | Spider:1 | Reached skill level 5 in Conjurations
 25536 | Spider:1 | Received a gift from Okawaru
 25547 | Spider:1 | Reached skill level 15 in Fighting
 25586 | Spider:1 | Blown up by an orb spider

Skill      XL: |  1  2  3  4  5  6  7  8  9 10 11 12 13 14 15 16 17 |
---------------+----------------------------------------------------+-----
Shields        | 4 5 6 8 10 11 12 14 16 17 18 | 18.4
Maces & Flails | 3 4 5 6 9 10 12 13 14 15 16 | 16.6
Dodging        | 1 2 3 |  3.3
Fighting       | 4 5 6 7 8 10 11 12 13 14 15 | 15.0
Armour         | 4 5 6 7 8 10 11 12 | 12.9
Stealth        | 1 2 |  2.5
Conjurations   | 3 5 |  5.1
Necromancy     | 2 3 |  3.9
Spellcasting   | 2 3 |  3.6
Invocations    | |  0.2

Action                   |  1- 3 |  4- 6 |  7- 9 | 10-12 | 13-15 | 16-18 || total
-------------------------+-------+-------+-------+-------+-------+-------++-------
Melee: Flail             |   130 |   288 |   254 |       |       |       ||   672
       Eveningstar       |       |       |   174 |   465 |   430 |   661 ||  1730
       Whip              |       |       |       |   320 |  1111 |   173 ||  1604
       Headbutt          |       |       |       |       |   474 |   258 ||   732
Invok: Heroism           |       |       |       |       |     1 |       ||     1
 Abil: Fly               |       |       |       |     1 |       |       ||     1
  Use: Scroll            |       |     8 |    10 |     9 |    10 |     4 ||    41
       Potion            |       |     2 |     5 |     4 |     3 |     6 ||    20
 Stab: Confused          |       |       |       |       |       |     5 ||     5
  Eat: Chunk             |     1 |     8 |    12 |    19 |    29 |    12 ||    81
       Royal jelly       |       |       |       |       |       |     2 ||     2
       Fruit             |       |       |       |       |       |     1 ||     1
Armor: Scale mail        |    82 |   156 |       |       |       |       ||   238
       Chain mail        |       |     6 |   129 |       |       |       ||   135
       Skin              |       |       |     4 |       |       |       ||     4
       Plate armour      |       |       |    62 |   300 |   413 |   458 ||  1233
Dodge: Dodged            |    78 |   192 |   189 |   243 |   374 |   244 ||  1320
Block: Shield            |    93 |   221 |   272 |   436 |   979 |   882 ||  2883
       Reflection        |       |       |       |       |    53 |    16 ||    69
